Map: Ruins of Endion

Players

capac - Winner!

  • Race: Terran Terran
  • League: Gold

avoided

  • Race: Zerg Zerg
  • League: Gold

VOD

Have the link to the VOD?

Description

Time

  • Played on: April 18, 2016, 3:29 p.m.
  • Length: 25:39
Show
View Real Time Build Order
Export as new Build Order

capac Terran - Winner!

Build Orders: MMM Bio 

Get SALT Encoding   

  12  0:01  SCV  
  13  0:13  SCV  
  14  0:19  Supply Depot  
  15  0:28  SCV  
  15  0:40  SCV  
  16  0:42  Barracks  
  16  0:46  Refinery  
  16  0:53  SCV  
  17  1:05  SCV  
  18  1:18  SCV  
  20  1:33  Orbital Command  
  20  1:35  Barracks Reactor  
  19  1:44  Command Center  
  19  1:57  Supply Depot  
  19  2:02  SCV  
  20  2:08  Barracks  
  20  2:12  Marine  
  20  2:13  Marine  
  23  2:15  SCV  
  23  2:26  Factory  
  23  2:28  SCV  
  24  2:30  Marine  
  24  2:33  Marine  
  26  2:40  SCV  
  26  2:42  Refinery  
  27  2:48  Marine  
  27  2:51  Marine  
  28  2:52  SCV  
  28  2:57  Orbital Command  
  30  3:04  Barracks Tech Lab, SCV  
  31  3:10  Factory Reactor  
  31  3:16  Starport  
  31  3:19  SCV  
  32  3:22  Marine x2  
  32  3:26  Marine  
  35  3:39  Marine  
  35  3:40  Marine  
  35  3:41  Stimpack  
  37  3:43  Marine, SCV x2  
  37  3:47  Refinery  
  40  3:53  Supply Depot  
  40  3:55  SCV  
  41  4:03  Marine x2, SCV  
  41  4:04  Marine  
  41  4:07  SCV  
  46  4:14  Medivac x2  
  46  4:15  SCV  
  51  4:19  SCV  
  52  4:25  Supply Depot  
  52  4:27  Factory Tech Lab, SCV  
  52  4:28  Supply Depot  
  53  4:31  SCV  
  54  4:47  SCV  
  54  4:48  Barracks  
  54  4:51  Barracks  
  55  4:56  Siege Tank  
  58  5:00  Marine x3  
  58  5:01  SCV x2  
  58  5:04  Supply Depot  
  58  5:05  Supply Depot  
  63  5:13  SCV x2  
  65  5:18  Marine  
  51  5:50  Barracks Reactor  
  51  5:51  Marine, Barracks Reactor  
  51  5:52  Marine x2, Liberator x2  
  51  5:54  Siege Tank  
  53  5:58  Engineering Bay  
  53  6:01  Engineering Bay  
  53  6:02  Supply Depot  
  53  6:06  Supply Depot  
  53  6:09  Marine x3  
  62  6:11  SCV x2  
  62  6:14  Refinery  
  64  6:23  SCV x2  
  66  6:25  Marine  
  66  6:26  Marine  
  66  6:27  Marine x4  
  66  6:28  Marine  
  66  6:30  Combat Shields  
  73  6:46  Command Center  
  73  6:52  Marine x4  
  73  6:53  Marine x2  
  81  6:54  Marauder  
  81  7:00  Medivac x2  
  86  7:08  SCV x2  
  87  7:19  Starport, Marine x6  
  87  7:20  Marine  
  94  7:24  Terran Infantry Weapons Level 1, Terran Infantry Armor Level 1  
  94  7:26  Armory  
  94  7:30  Supply Depot  
  94  7:34  SCV x2  
  96  7:38  Marine x3  
  96  7:39  Marine x3  
  102  7:51  Marine, Medivac x2  
  103  8:02  Marine x4  
  103  8:03  Marine x2  
  103  8:33  Siege Tank  
  93  8:36  Starport Reactor  
  93  8:39  Liberator x2  
  92  8:52  Marine x2  
  92  8:53  Marine x5  
  96  8:57  Orbital Command  
  102  9:05  Siege Tank  
  102  9:07  SCV x2  
  107  9:10  Marine x3  
  107  9:11  Marine x2  
  107  9:12  Marauder, Marine  
  115  9:19  SCV x2  
  113  9:28  Marine x4  
  113  9:29  Marine  
  113  9:34  Marine  
  113  9:37  Marauder, Siege Tank  
  119  9:46  Marine x5  
  119  9:48  Liberator x2  
  119  9:51  Marine  
  125  10:05  Marine x4, Medivac x2  
  125  10:06  Terran Infantry Weapons Level 2, Marauder  
  141  10:11  Supply Depot  
  141  10:12  Supply Depot  
  141  10:14  Refinery  
  141  10:26  Barracks x2  
  141  10:27  Barracks, Marine x3  
  141  10:28  Siege Tank, SCV x2  
  149  10:33  SCV  
  150  10:40  Liberator, SCV  
  151  10:43  Marine x4  
  151  10:44  Command Center  
  151  10:45  Marine, SCV  
  151  10:49  Medivac x2  
  164  11:04  SCV  
  165  11:18  Starport  
  165  11:42  Barracks Reactor x2  
  165  11:44  Barracks Tech Lab  
  165  11:45  Liberator  
  165  11:51  Marine  
  165  11:52  Marine, SCV  
  163  11:55  Marine, SCV  
  163  12:01  Siege Tank  
  163  12:04  SCV  
  163  12:07  SCV  
  122  12:24  Marine  
  122  12:25  Marine x4  
  122  12:26  Marine x6  
  133  12:36  Marine  
  134  12:41  Marine  
  134  12:43  Marine x2  
  137  12:47  Command Center  
  116  13:24  Marine x6  
  116  13:26  Medivac x4  
  118  13:56  Medivac x2  
  118  13:59  Marine x3  
  118  14:00  Marine x4  
  128  14:07  Marine x3  
  131  14:31  Marine x5  
  132  14:32  Marine x2  
  138  14:38  Orbital Command  
  122  15:07  Planetary Fortress  
  122  15:09  Barracks Reactor  
  122  15:32  Liberator x2  
  122  15:33  Liberator x2  
  122  15:44  Marine x3  
  122  15:45  Marine x6  
  122  15:47  Marauder x2  
  122  15:48  Starport Reactor  
  147  15:57  Terran Infantry Weapons Level 3, Terran Infantry Armor Level 2  
  147  15:58  Terran Ship Weapons Level 1  
  147  16:06  Marine x5  
  147  16:07  Marine  
  154  16:18  Refinery, SCV  
  154  16:19  Refinery  
  154  16:30  SCV  
  155  16:42  SCV  
  156  16:54  Marine, SCV  
  156  16:55  Marine x6  
  156  16:56  Marine  
  156  16:57  Marauder x2, Marine x2  
  161  17:12  Marine x2  
  161  17:13  Marine  
  164  17:18  Marauder x2  
  163  17:27  Marine x4  
  163  17:28  Marine x3  
  158  17:30  Marine  
  158  17:35  Liberator x4  
  158  17:36  Liberator x2  
  159  17:39  Marauder x2  
  172  18:01  Marauder  
  159  18:35  Marine x3  
  159  18:36  Marine x5  
  159  18:37  Marauder  
  160  18:46  Liberator x4  
  160  18:47  Liberator x2  
  154  19:06  Marine x7  
  154  19:07  Marine  
  180  19:21  Terran Infantry Armor Level 3  
  180  19:43  Marine x3  
  180  20:03  Marine x3  
  180  20:19  Marine x9, Medivac x3  
  180  20:20  Building Armor  
  177  20:52  Marine x4  
  177  20:53  Marine x4  
  165  21:28  Liberator x3  
  165  21:29  Marine x4  
  165  21:30  Marine x7  
  165  21:31  Marine  
  177  21:38  Command Center  
  186  21:47  Marine x5  
  186  21:48  Marine x7  
  195  22:05  Marine x2  
  197  22:13  Marine x3  
  191  23:27  Marine x2  
  191  23:28  Marine x5  
  192  24:05  Marine  
  192  24:06  Marine x6  
  192  24:07  Marine x3  
  148  24:57  Marine x6  
  148  24:58  Marine x4  
  151  25:14  Marine  
  151  25:15  Marine x5  
  151  25:16  Marauder  
Show
View Real Time Build Order
Export as new Build Order

avoided Zerg 

Build Orders: Hatch First 

Get SALT Encoding   

  12  0:01  Drone  
  13  0:08  Drone  
  14  0:18  Overlord  
  14  0:39  Drone x2  
  14  0:41  Drone  
  17  0:52  Drone  
  18  0:58  Hatchery  
  18  1:02  Drone  
  18  1:17  Drone  
  19  1:23  Spawning Pool  
  18  1:35  Extractor  
  17  1:41  Hatchery  
  17  1:44  Drone  
  17  1:51  Drone x2  
  19  1:58  Drone  
  20  2:06  Drone  
  21  2:12  Queen  
  21  2:15  Drone  
  24  2:18  Drone  
  24  2:21  Drone  
  26  2:30  Roach Warren  
  26  2:32  Drone  
  26  2:35  Drone  
  27  2:39  Drone  
  27  2:43  Metabolic Boost  
  28  2:50  Extractor  
  27  2:56  Spine Crawler  
  26  2:58  Spine Crawler  
  26  2:59  Drone  
  26  3:01  Drone  
  26  3:04  Drone  
  28  3:06  Drone  
  29  3:17  Drone x2  
  31  3:26  Drone x3  
  34  3:27  Spine Crawler  
  33  3:38  Overlord  
  33  3:44  Queen  
  33  3:45  Spore Crawler  
  33  3:48  Overlord  
  34  3:54  Spore Crawler  
  33  3:56  Drone  
  33  3:57  Spore Crawler  
  33  3:59  Drone  
  34  4:04  Drone x2  
  36  4:11  Queen  
  39  4:17  Drone x2  
  39  4:18  Drone  
  39  4:23  Overlord  
  41  4:27  Drone x2  
  43  4:33  Drone x3  
  43  4:36  Drone  
  47  4:40  Drone x2  
  47  4:41  Drone  
  47  4:45  Overlord  
  50  4:51  Spine Crawler  
  49  4:54  Spine Crawler  
  48  5:03  Drone x6  
  48  5:05  Drone  
  48  5:06  Drone  
  56  5:11  Zergling x4  
  56  5:12  Spore Crawler  
  57  5:22  Zergling x2  
  57  5:23  Zergling x12  
  62  5:36  Zergling x2, Roach  
  62  5:37  Spine Crawler, Roach  
  66  5:47  Drone x4  
  64  5:59  Extractor x2  
  64  6:02  Drone  
  63  6:10  Extractor  
  62  6:12  Extractor  
  62  6:17  Drone x5  
  66  6:18  Overlord  
  66  6:19  Overlord  
  66  6:21  Overlord  
  66  6:32  Spore Crawler  
  65  6:33  Spore Crawler  
  64  6:40  Roach x2  
  64  6:41  Roach x8  
  64  6:45  Drone x2  
  85  7:05  Drone x5  
  85  7:06  Overlord  
  85  7:08  Overlord  
  90  7:09  Overlord  
  90  7:11  Overlord  
  90  7:28  Drone x11  
  101  7:32  Overlord  
  101  7:34  Overlord  
  101  7:40  Zergling x2  
  101  7:41  Zergling x4  
  104  7:46  Evolution Chamber, Drone x5  
  104  7:47  Evolution Chamber  
  104  7:50  Drone  
  108  7:57  Hatchery  
  103  8:04  Zergling x14  
  108  8:07  Roach  
  108  8:08  Roach  
  108  8:09  Ravager x3  
  108  8:11  Ravager x3  
  108  8:12  Ravager  
  119  8:17  Drone x4  
  123  8:32  Roach  
  123  8:33  Roach x6  
  126  8:52  Roach  
  126  8:53  Roach x4  
  126  8:55  Overlord  
  136  8:56  Overlord  
  136  8:57  Overlord  
  136  8:58  Overlord  
  136  9:01  Zerg Missile Weapons Level 1, Zerg Ground Armor Level 1  
  136  9:04  Lair  
  133  9:30  Roach x5  
  133  9:31  Roach x6  
  142  9:33  Ravager  
  143  9:57  Roach x5  
  143  9:58  Roach x5  
  143  9:59  Queen  
  165  10:10  Roach  
  165  10:11  Roach x4  
  175  10:18  Overlord x3  
  175  10:19  Infestation Pit  
  175  10:20  Hydralisk Den  
  173  10:31  Hatchery  
  173  10:32  Extractor  
  173  10:33  Extractor  
  167  10:46  Roach  
  167  10:47  Roach  
  167  10:48  Roach x12  
  195  10:59  Queen  
  197  11:12  Roach  
  199  11:20  Drone  
  180  11:54  Hydralisk  
  180  11:55  Hydralisk x13  
  200  12:05  Hydralisk  
  200  12:06  Hydralisk x15  
  196  12:14  Zergling x2  
  196  12:15  Zergling x6  
  170  12:29  Overseer  
  146  13:01  Ravager x9  
  146  13:02  Zergling x2  
  146  13:03  Zergling x32  
  164  13:22  Extractor  
  164  13:24  Hatchery  
  159  13:27  Extractor  
  151  13:37  Hydralisk  
  151  13:38  Hydralisk x11  
  151  13:39  Roach  
  151  13:40  Roach x2  
  181  13:49  Drone  
  182  14:01  Roach x2  
  182  14:02  Roach x7  
  196  14:08  Zerg Missile Weapons Level 2, Zerg Ground Armor Level 2  
  196  14:10  Glial Reconstitution  
  196  14:14  Hive  
  196  14:16  Lurker Den  
  181  14:50  Infestor x5  
  181  14:51  Infestor x4  
  198  14:56  Neural Parasite  
  190  15:08  Spore Crawler  
  190  15:10  Spore Crawler  
  188  15:23  Queen  
  190  15:39  Viper x3  
  199  16:24  Evolution Chamber  
  198  16:32  Evolution Chamber  
  197  16:50  Overseer  
  197  16:52  Overseer  
  185  17:27  Roach x9  
  199  17:52  Zergling x2  
  185  18:27  Roach x3  
  185  18:28  Roach x4  
  190  18:46  Roach  
  190  18:47  Roach x2  
  195  19:36  Spore Crawler  
  194  20:03  Viper  
  194  20:12  Overlord x3  
  194  20:16  Zerg Missile Weapons Level 3  
  194  20:17  Zerg Ground Armor Level 3  
  194  20:19  Pathogen Glands  
  194  20:20  Muscular Augments  
  194  20:22  Ravager  
  193  20:32  Lurker  
  193  20:33  Lurker x13  
  196  20:57  Lurker  
  184  21:06  Hydralisk x8  
  176  21:29  Spire  
  176  21:32  Spire  
  156  22:31  Zergling x2  
  156  22:32  Zergling x44  
  156  22:33  Zergling x14  
  164  23:14  Viper  
  164  23:15  Viper x2  
  161  23:30  Hatchery  
  161  23:33  Hatchery, Corruptor  
  155  23:36  Zergling x16  
  155  23:37  Zergling x12  
  158  24:04  Zergling x4  
  158  24:05  Zergling x16  
  161  24:13  Zergling x2  
Tags
 
Composition
MMM Bio
League
GoldGold
Matchup
TvZ
Add a new tag
Caveats
  • Supply blocks, unpowered buildings, or Contaminate may cause inaccurate times.
  • Supply counts are checked every 10 seconds.